 Dungeon Crawl Stone Soup version 0.31-a0-1144-g99969ba1bc (webtiles) character file.

Game seed: 15923988788796698216

9830 Dirtsage the Geomancer (level 11, 0/69 HPs)
             Began as a Gargoyle Earth Elementalist on Dec 6, 2023.
             Was a Believer of Vehumet.
             Killed from afar by a gargoyle (12 damage)
             ... with a stone arrow
             ... on level 11 of the Dungeon.
             The game lasted 00:25:19 (11261 turns).

Dirtsage the Geomancer (GrEE)                      Turns: 11261, Time: 00:25:19

Health: 0/69       AC: 21    Str: 13    XL:     11   Next: 52%
Magic:  8/22       EV: 11    Int: 19    God:    Vehumet [**....]
Gold:   610        SH:  0    Dex: 10    Spells: 21/25 levels left

rFire   + . .        w - +5 whip of Wupen {freeze, Fly rElec rCorr Stlth-}
rCold   + . .        (no shield)
rNeg    + + .        x - +1 robe of Marbles {Drain rElec rF+ rC+}
rPois   ∞            g - +0 helmet
rElec   +            P - +2 cloak
rCorr   +            r - +1 pair of gloves
SInv    .            (no boots)
Will    .....        M - amulet of faith
Stlth   +            j - ring of positive energy
HPRegen 0.31/turn    E - +4 ring of protection
MPRegen 0.18/turn

%: faith
@: flying
A: sickness immunity, AC +8, negative energy resistance 1, electricity
resistance, torment resistance 1, petrification resistance
a: Renounce Religion


You were on level 11 of the Dungeon.
You worshipped Vehumet.
Vehumet was pleased with you.
You visited 2 branches of the dungeon, and saw 13 of its levels.

You collected 610 gold pieces.

Inventory:

Hand Weapons
 c - a +0 whip
 v - a +2 short sword of freezing
 w - the +5 whip of Wupen (weapon) {freeze, Fly rElec rCorr Stlth-}
   (You found it on level 5 of the Dungeon)

   rElec:     It insulates you from electricity.
   Fly:       It grants you flight.
   rCorr:     It protects you from acid and corrosion.
   Stlth-:    It makes you less stealthy.
Missiles
 y - 2 throwing nets
Armour
 a - a +0 robe
 g - a +0 helmet (worn)
 r - a +1 pair of gloves (worn)
 x - the +1 robe of Marbles (worn) {Drain rElec rF+ rC+}
   (You found it on level 5 of the Dungeon)

   rF+:       It protects you from fire.
   rC+:       It protects you from cold.
   rElec:     It insulates you from electricity.
   Drain:     It drains your maximum health when unequipped.
 D - the +0 chain mail "Dora" {rN+ Will- Slay+2 SInv}
   (You found it on level 2 of the Dungeon)

   Slay+2:    It affects your accuracy & damage with ranged weapons and melee
   (+2).
   rN+:       It protects you from negative energy.
   Will-:     It decreases your willpower.
   SInv:      It lets you see invisible.
 I - a +0 troll leather armour
 P - a +2 cloak (worn)
Magical Staves
 C - a staff of earth
Jewellery
 j - a ring of positive energy (left hand)
 p - a ring of fire
 E - a +4 ring of protection (right hand)
 M - an amulet of faith (around neck)
 N - a ring of positive energy
 Q - a ring of flight
Wands
 s - a wand of charming (11)
Scrolls
 e - 2 scrolls of enchant weapon
 i - a scroll of identify
 k - a scroll of enchant armour
 n - a scroll of fog
 o - a scroll of brand weapon
 t - 6 scrolls of teleportation
 B - 4 scrolls of blinking
 G - 3 scrolls of revelation
 H - a scroll of summoning
 L - a scroll of immolation {unknown}
 O - a scroll of amnesia
Potions
 b - 2 potions of magic
 d - a potion of mutation
 f - 2 potions of cancellation {unknown}
 h - 2 potions of haste
 l - 2 potions of berserk rage {unknown}
 m - 3 potions of brilliance {unknown}
 q - a potion of curing
 u - 3 potions of lignification {unknown}
 z - a potion of heal wounds {unknown}
 A - a potion of attraction
 F - 2 potions of invisibility {unknown}
 K - 4 potions of enlightenment {unknown}


   Skills:
 + Level 8.7 Fighting
 - Level 1.5 Dodging
 - Level 2.1 Stealth
 + Level 7.6 Spellcasting
 + Level 8.7 Conjurations
 - Level 0.7 Transmutations
 * Level 13.7 Earth Magic


You had 21 spell levels left.
You knew the following spells:

 Your Spells              Type           Power      Damage    Failure   Level
a - Sandblast             Erth           100%       2d20      1%          1
x - Stone Arrow           Conj/Erth      98%        3d13      1%          3

Your spell library contained the following spells:

 Spells                   Type           Power      Damage    Failure   Level
 Foxfire                  Conj/Fire      92%        2x1d8     1%          1
 Magic Dart               Conj           100%       1d8       1%          1
 Passwall                 Tmut/Erth      28%        N/A       1%          2
 Brom's Barrelling Bould  Conj/Erth      49%        2d7       1%          4
 Petrify                  Tmut/Erth      34%        N/A       4%          4
 Mephitic Cloud           Conj/Pois/Air  18%        N/A       9%          3
 Call Imp                 Summ           14%        N/A       14%         2
 Lesser Beckoning         Tloc           14%        N/A       14%         2
 Iskenderun's Mystic Bla  Conj/Tloc      23%        2d6       16%         4
 Gell's Gravitas          Tloc           7%         N/A       28%         3
 Teleport Other           Tloc           7%         N/A       28%         3
 Tukima's Dance           Hex            7%         N/A       28%         3
 Dimensional Bullseye     Hex/Tloc       3%         N/A       67%         4


Dungeon Overview and Level Annotations

Branches:
Dungeon (12/15)            Temple (1/1) D:7             Orc (0/2) D:10
   Lair: D:8-11

Altars:
Ashenzari
Cheibriados
Dithmenos
Elyvilon
Fedhas
Gozag
Hepliaklqana
Kikubaaqudgha
Makhleb
Nemelex Xobeh
Okawaru
Qazlal
Ru
Sif Muna
Trog
Uskayaw
Vehumet
Wu Jian
Xom
Yredelemnul
Zin
The Shining One

Shops:
D:5 [

Portals:
Trove: D:11 (give horn of Geryon)

Annotations:
Temple 2 transporters


Innate Abilities, Weirdness & Mutations

You are immune to sickness and miasma.
Your stone body is resilient. (AC +8)
You are immune to poison.
You resist negative energy. (rN+)
You are resistant to electric shocks. (rElec)
You are resistant to unholy torment.
You are immune to petrification.


Message History

You kill the centaur!
Vehumet accepts your kill.
The centaur hits you but does no damage.
The centaur kicks you but does no damage.
The centaur barely misses you. x2
You now have 9/22 mp.
You hit the centaur. You freeze the centaur.
The centaur is moderately wounded.
The centaur hits you but does no damage.
The centaur barely misses you.
The centaur hits you but does no damage.
The centaur kicks you but does no damage.
You hit the centaur. You freeze the centaur.
The centaur is moderately wounded.
The centaur closely misses you.
The centaur kicks you but does no damage.
The gargoyle hurls a stone arrow at you.
The stone arrow hits you!!
* * * LOW HITPOINT WARNING * * *
You take 23 damage, and have 16/69 hp.
MASSIVE DAMAGE!!
Aiming: Sandblast (safe; 1% risk of failure)
Press: ? - help, Q - select action, (/) - cycle Shift-Dir - straight line, f - gargoyle
Aim: a gargoyle, wielding a +0 flail (93% to hit)
The blast of sand hits the gargoyle but does no damage.
The centaur closely misses you. The centaur barely misses you.
The gargoyle hits you but does no damage.
The centaur barely misses you.
The centaur kicks you but does no damage.
The gargoyle hits you with a +0 flail.
* * * LOW HITPOINT WARNING * * *
You take 4 damage, and have 12/69 hp.
You now have 9/22 mp.
Aiming: Sandblast (safe; 1% risk of failure)
Press: ? - help, Q - select action, (/) - cycle Shift-Dir - straight line, f - centaur, p - gargoyle
Aim: a centaur (moderately wounded, 91% to hit)
The blast of sand hits the centaur!
You kill the centaur!
Vehumet accepts your kill.
The gargoyle hurls a stone arrow at you.
The stone arrow hits you!
You die...

#......########
. #......# #
#......#
#......#
#......#
#......#
#......#
#.)....#
#...@).#
#...)9.# ..
#......... ...
#...##...## #.
#...# ..... #.
#...# ...... #
#.... ..... #
#... ..... # #


You could see a gargoyle.

Vanquished Creatures
  A two-headed ogre (D:9)
  Maurice (D:10)
  Joseph (D:7)
  An unseen horror (D:11)
  2 komodo dragons (D:11)
  Jeremiah (D:7)
  A kobold demonologist (D:9)
  2 trolls
  A hornet (D:10)
  A shadow (D:10)
  A vampire (D:11)
  4 wyverns
  A basilisk (shapeshifter) (D:9)
  A steam dragon (D:8)
  An acid dragon (D:9)
  3 water moccasins
  An ice beast (D:8)
  4 orc warriors
  A black bear (D:4)
  2 sky beasts
  7 centaurs
  2 ogres
  8 kobold brigands
  5 bullfrogs
  5 gnoll sergeants
  4 scorpions
  12 wights
  2 killer bees
  2 howler monkeys
  An electric eel (D:6)
  2 hounds
  2 jellies
  A gnoll bouda (D:6)
  5 orc priests
  A sleepcap (D:7)
  Natasha (thrice) (D:4)
  4 iguanas
  15 orc wizards
  29 gnolls
  9 adders
  A shadow imp (D:5)
  2 worms
  4 dart slugs
  30 orcs
  4 ball pythons
  3 endoplasms
  5 giant cockroaches
  5 goblins
  2 hobgoblins
  2 jackals (D:3)
  33 kobolds
  2 quokkas
  8 bats
  2 frilled lizards
  3 rats
256 creatures vanquished.

Notes
Turn   | Place    | Note
-------+----------+-------------------------------------------
     0 | D:1      | Dirtsage the Gargoyle Earth Elementalist began the quest
                  | for the Orb.
     0 | D:1      | Reached XP level 1. HP: 10/10 MP: 3/3
   890 | D:2      | Reached XP level 2. HP: 16/16 MP: 3/5
   983 | D:2      | Reached skill level 4 in Earth Magic
  1306 | D:2      | Reached skill level 1 in Fighting
  1306 | D:2      | Reached skill level 1 in Conjurations
  1387 | D:2      | Reached XP level 3. HP: 20/20 MP: 3/6
  1390 | D:2      | Identified the +0 chain mail "Dora" {rN+ Will- Slay+2 SInv}
  1645 | D:3      | Reached XP level 4. HP: 19/25 MP: 2/7
  1777 | D:3      | Learned a level 3 spell: Stone Arrow
  1842 | D:3      | Reached skill level 5 in Earth Magic
  1889 | D:3      | Found a blossoming altar of Fedhas.
  2132 | D:3      | Found a white marble altar of Elyvilon.
  2270 | D:3      | Reached XP level 5. HP: 24/30 MP: 6/9
  2692 | D:4      | Noticed a black bear
  2694 | D:4      | Killed a black bear
  2695 | D:4      | Reached skill level 6 in Earth Magic
  2695 | D:4      | Reached XP level 6. HP: 35/36 MP: 3/10
  2941 | D:4      | Noticed Natasha
  2947 | D:4      | Killed Natasha
  2992 | D:4      | Noticed Natasha
  2993 | D:4      | Killed Natasha
  3058 | D:4      | Noticed Natasha
  3063 | D:4      | Reached XP level 7. HP: 41/41 MP: 9/12
  3068 | D:4      | Killed Natasha
  3487 | D:4      | Reached skill level 7 in Earth Magic
  3653 | D:5      | Entered Level 5 of the Dungeon
  3658 | D:5      | Identified the +5 whip of Wupen {freeze, Fly rElec rCorr
                  | Stlth-}
  3681 | D:5      | Identified the +1 robe of Marbles {Drain rElec rF+ rC+}
  3734 | D:5      | Found Caczonozas's Armour Emporium.
  3936 | D:5      | Reached XP level 8. HP: 48/48 MP: 11/13
  4481 | D:6      | Reached skill level 8 in Earth Magic
  4870 | D:6      | Found a hide-covered altar of Uskayaw.
  5088 | D:6      | Found a shimmering altar of Xom.
  5130 | D:6      | Reached skill level 5 in Fighting
  5130 | D:6      | Reached skill level 5 in Conjurations
  5134 | D:6      | Reached skill level 9 in Earth Magic
  5245 | D:6      | Noticed a wyvern
  5251 | D:6      | Killed a wyvern
  5252 | D:6      | Reached XP level 9. HP: 25/54 MP: 11/16
  5719 | D:7      | Reached skill level 5 in Spellcasting
  5769 | D:7      | Noticed Jeremiah
  5775 | D:7      | Killed Jeremiah
  5875 | D:7      | Reached skill level 10 in Earth Magic
  6613 | D:8      | Reached skill level 11 in Earth Magic
  6613 | D:8      | Reached XP level 10. HP: 61/61 MP: 4/18
  6619 | D:7      | Found a staircase to the Ecumenical Temple.
  6651 | Temple   | Found a transporter.
  6651 | Temple   | Found a transporter.
  6651 | Temple   | Found a transporter.
  6651 | Temple   | Found a transporter.
  6651 | Temple   | Entered the Ecumenical Temple
  6668 | Temple   | Became a worshipper of Vehumet
  6896 | D:7      | Noticed Joseph
  6921 | D:7      | Killed Joseph
  7194 | D:7      | Found an opulent altar of Gozag.
  7464 | D:8      | Reached * piety under Vehumet
  7464 | D:8      | Offered knowledge of Shock by Vehumet.
  7943 | D:8      | Found a broken altar of Ashenzari.
  8264 | D:8      | Found a bloodstained altar of Trog.
  8448 | D:9      | Noticed an entropy weaver
  8454 | D:8      | Reached skill level 12 in Earth Magic
  8687 | D:9      | Noticed a kobold demonologist
  8871 | D:9      | Found a glowing golden altar of the Shining One.
  9074 | D:9      | Noticed a two-headed ogre
  9080 | D:9      | Killed a two-headed ogre
  9198 | D:9      | Killed a kobold demonologist
  9199 | D:9      | Reached XP level 11. HP: 68/68 MP: 16/21
  9290 | D:9      | Reached ** piety under Vehumet
  9290 | D:9      | Offered knowledge of Foxfire by Vehumet.
  9325 | D:9      | Reached skill level 13 in Earth Magic
  9592 | D:10     | Entered Level 10 of the Dungeon
  9624 | D:10     | Found an ancient bone altar of Kikubaaqudgha.
  9627 | D:10     | Identified the +5 battleaxe "Xoacaef" {protect, Str+2
                  | Dex+3}
 10034 | D:10     | Found a staircase to the Orcish Mines.
 10219 | D:10     | Noticed Maurice
 10226 | D:10     | Killed Maurice
 10493 | D:11     | Found a portal to a secret trove of treasure.
 11169 | D:11     | You are sucked into a shaft and drop 1 floor!
 11261 | D:11     | Killed from afar by a gargoyle

Illustrated notes

Levels and vault maps discovered:
D:1:      mrwooster_arrival_arrow, layout_basic, minmay_misc_feat_enclosed,
          minivault_19
D:2:      layout_loops_cross
D:3:      minmay_recursive_quarters, layout_loops_ring,
          mainiacjoe_overflow_alcove_2, mainiacjoe_overflow_brackets
D:4:      layout_loops_ring, uniq_natasha
D:5:      layout_cave_pools, serial_shops, kennysheep_little_box,
          wad_floor_pattern_untrapped
D:6:      layout_basic, nicolae_uskayaw_murder_on_the_dancefloor,
          kennysheep_mini, grunt_ministairs_4, kennysheep_path_1
D:7:      layout_cave_pools, old_standard_altar,
          minmay_temple_entry_statues_fountains, uniq_joseph, uniq_jeremiah
D:8:      layout_layer_cave, general_overflow_altar, trog_antimagical,
          minmay_quadrilaterals
D:9:      layout_roguey, lemuel_tele_altar, minmay_bent
D:10:     layout_irregular_city, kiku_gazebo_garden_becter, uniq_maurice
D:11:     layout_stronghold, dpeg_oklobed_lair, enter_trove_2
D:12:     layout_long_grid
Temple:   hellmonk_temple_divided_pantheon

Skill      XL: |  1  2  3  4  5  6  7  8  9 10 11 |
---------------+----------------------------------+-----
Earth Magic    | 4 5 6 7 9 11 12 13 | 13.7
Fighting       | 1 2 3 4 5 6 8 |  8.7
Conjurations   | 1 2 3 4 5 6 8 |  8.7
Spellcasting   | 3 4 5 7 |  7.6
Dodging        | |  1.5
Stealth        | |  2.1
Transmutations | |  0.7

Action                     |  1- 3 |  4- 6 |  7- 9 | 10-12 || total
---------------------------+-------+-------+-------+-------++-------
  Melee: Whip              |     5 |     2 |    49 |    62 ||   118
         Short sword       |       |       |    13 |       ||    13
         Punch             |       |       |       |     1 ||     1
   Cast: Sandblast         |    35 |    50 |   158 |   143 ||   386
         Stone Arrow       |       |     2 |    26 |    38 ||    66
  Evoke: Wand              |       |       |       |     1 ||     1
    Use: Potion            |       |       |     1 |     2 ||     3
         Scroll            |       |       |       |    14 ||    14
 Armour: Robe              |     4 |    16 |   102 |   231 ||   353
  Dodge: Dodged            |     6 |    15 |    91 |   104 ||   216

Table legend: (Time is in decaauts)
 A = Elapsed time spent in this place.
 B = Non-inter-level travel time spent in this place.
 C = Inter-level travel time spent in this place.
 D = Time resting spent in this place.
 E = Time spent auto-exploring this place.
 F = Levels seen in this place.
 G = Mean time per level.
                   A        B        C        D        E       F      G
               +--------+--------+--------+--------+--------+-----+--------+
         Total |  11460 |  11133 |    327 |    404 |   8953 |  13 |  881.5 |
       Dungeon |  11430 |  11103 |    327 |    404 |   8953 |  12 |  952.5 |
        Temple |     30 |     30 |      0 |      0 |      0 |   1 |   30.0 |
               +--------+--------+--------+--------+--------+-----+--------+

Top non-repeatable levels by time:
     D:8: 2059 daAuts
     D:6: 1278 daAuts
     D:4: 1075 daAuts
     D:3: 1030 daAuts
     D:9: 990 daAuts
     D:1: 891 daAuts
    D:11: 890 daAuts
     D:7: 878 daAuts
     D:5: 826 daAuts
    D:10: 742 daAuts
     D:2: 706 daAuts
    D:12: 60 daAuts
  Temple: 30 daAuts
